 Dungeon Crawl Stone Soup version 0.20-a0-345-gbfb25ec (webtiles) character file.

5 ololoev the Sneak (level 1, -2/15 HPs)
             Began as a Naga Fire Elementalist on Dec 22, 2016.
             Slain by a hobgoblin (3 damage)
             ... on level 1 of the Dungeon.
             The game lasted 00:01:07 (110 turns).

ololoev the Sneak (Naga Fire Elementalist)           Turns: 110, Time: 00:01:08

Health: -2/15      AC:  1    Str: 10    XL:     1   Next: 80%
Magic:  0/3        EV: 10    Int: 15    God:
Gold:   14         SH:  0    Dex: 11    Spells: 3/4 levels left

rFire  . . .     SeeInvis +     (no weapon)
rCold  . . .     Gourm    .     a - +0 robe
rNeg   . . .     Faith    .     (no shield)
rPois  +         Spirit   .     (no helmet)
rElec  .         Reflect  .     (no cloak)
rCorr  .         Harm     .     (no gloves)
MR     .....                    (no barding)
Stlth  ++........               (no amulet)
                                (no ring)
                                (no ring)

@: very slightly contaminated, very slow
A: see invisible, deformed body, poison resistance, slowness 2, slow metabolism
1, spit poison 1, AC +0
a: Spit Poison


Innate Abilities, Weirdness & Mutations

You cannot wear boots.
Your serpentine skin is tough. (AC +0)
You have supernaturally acute eyesight. (SInv)
Armour fits poorly on your strangely shaped body.
Your system is resistant to poisons. (rPois)
You cover ground very slowly.
You have a slow metabolism.
You can spit poison.

Inventory:

Armour
 a - a +0 robe (worn)
Scrolls
 d - a scroll of identify {unknown}
 e - a scroll of fog {unknown}
 g - a scroll of remove curse {unknown}
Books
 b - a book of Flames

   Spells                             Type                      Level
   a - Flame Tongue                   Conjuration/Fire             1
   b - Throw Flame                    Conjuration/Fire             2
   c - Conjure Flame                  Conjuration/Fire             3
   d - Inner Flame                    Hexes/Fire                   3
   e - Sticky Flame                   Conjuration/Fire             4
   f - Fireball                       Conjuration/Fire             5
Comestibles
 c - a bread ration
 f - 3 fruits


   Skills:
 + Level 0.0 Armour
 - Level 1.5 Dodging
 + Level 3.2 Stealth
 + Level 2.0 Spellcasting
 * Level 1.3 Conjurations
 + Level 3.1 Fire Magic


You had 3 spell levels left.
You knew the following spells:

 Your Spells              Type           Power        Failure   Level  Hunger
a - Flame Tongue          Conj/Fire      #....        12%         1    #......


You were on level 1 of the Dungeon.
You were not hungry.

You visited 1 branch of the dungeon, and saw 1 of its levels.

You collected 14 gold pieces.

...........†........>.
.........#.........#.
..#
##..###...#.........
#.#
##............##.##
.(# #..........#.....
#.####
#.#..##...#####.#
#....# #...........
#.#
#=##.#####..#######.#.
.. .# #.##.....g@.# .#
...####.##..#.....# .
...........#..##..##
##..#................
##...#....#####..####
#...#...### ##.#
#..#....## ..#
..###...# ....
#.......# #

Notes
Turn   | Place    | Note
-------+----------+-------------------------------------------
     0 | D:1      | ololoev the Naga Fire Elementalist began the quest for the Orb.
     0 | D:1      | Reached XP level 1. HP: 15/15 MP: 3/3
   110 | D:1      | Slain by a hobgoblin

Dungeon Overview and Level Annotations

Branches:
Dungeon (1/15)

Altars:


Message History

You start resting.
Magic restored.
You see here a bat corpse.
g - a scroll labeled MOSUHI YNAJO A goblin comes into view.
It is wielding a dagger.
Use which ability? (? or * to list)
Press: ? - help, Shift-Dir - straight line, f - you
Okay, then.
Use which ability? (? or * to list)
Press: ? - help, Shift-Dir - straight line, f - goblin
Aim: a goblin, wielding a dagger (resting)
The splash of poison hits the goblin.
The goblin is poisoned.
You kill the goblin!
You feel slightly more hungry.
You have got your breath back.
A hobgoblin comes into view.
Found 7 stones.
The hobgoblin shouts!
Use which ability? (? or * to list)
Press: ? - help, Shift-Dir - straight line, f - hobgoblin
Aim: a hobgoblin The splash of poison hits the hobgoblin.
The hobgoblin is poisoned.
The hobgoblin is moderately wounded.
You feel slightly more hungry.
Casting: Flame Tongue
Confirm with . or Enter, or press ? or * to list all spells.
Aiming: Flame Tongue
Press: ? - help, Shift-Dir - straight line, f/p - hobgoblin
Aim: a hobgoblin (almost dead, poisoned)
The flame tongue hits the hobgoblin.
The hobgoblin appears unharmed.
The hobgoblin is almost dead.
You have got your breath back.
A hobgoblin is nearby!
You closely miss the hobgoblin.
The hobgoblin is almost dead.
The hobgoblin hits you.
You closely miss the hobgoblin.
The hobgoblin is almost dead.
You kill the hobgoblin!
You start resting.
Magic restored.
You start resting.
A hobgoblin comes into view.
Use which ability? (? or * to list)
Press: ? - help, Shift-Dir - straight line, f - hobgoblin
Aim: a hobgoblin (hasn't noticed you)
The splash of poison hits the hobgoblin.
The hobgoblin is poisoned.
The hobgoblin is lightly wounded.
The hobgoblin shouts!
You feel slightly more hungry.
Casting: Flame Tongue
Confirm with . or Enter, or press ? or * to list all spells.
Aiming: Flame Tongue
Press: ? - help, Shift-Dir - straight line, f/p - hobgoblin
Aim: a hobgoblin (lightly wounded, poisoned)
You miscast Flame Tongue.
You are very lightly contaminated with residual magic.
Nothing appears to happen.
Casting: Flame Tongue
Confirm with . or Enter, or press ? or * to list all spells.
Aiming: Flame Tongue
Press: ? - help, Shift-Dir - straight line, f/p - hobgoblin
Aim: a hobgoblin (moderately wounded, poisoned)
The flame tongue hits the hobgoblin.
The hobgoblin is almost dead.
The hobgoblin hits you.
Casting: Flame Tongue
Confirm with . or Enter, or press ? or * to list all spells.
Aiming: Flame Tongue
Press: ? - help, Shift-Dir - straight line, f/p - hobgoblin
Aim: a hobgoblin (almost dead, poisoned)
You miscast Flame Tongue.
Your skin tingles.
The hobgoblin hits you.
You have got your breath back.
The hobgoblin hits you.
The hobgoblin looks more healthy.
The hobgoblin hits you. The hobgoblin hits you.
You die...

You could see a hobgoblin.

Vanquished Creatures
  2 bats (D:1)
  A goblin (D:1)
  A hobgoblin (D:1)
4 creatures vanquished.

Action                   || total
-------------------------++-------
Melee: Unarmed           ||     2
 Cast: Flame Tongue      ||     4
 Abil: Spit Poison       ||     4

Vault maps used:
D:1:      dpeg_arrival_tiny_a
